[Event "*** Biggest EVER Titled Tuesday"]
[Site "Chess.com"]
[Date "2018.04.17"]
[Round "8"]
[White "TastyFrenchFries"]
[Black "TregubovP"]
[Result "0-1"]
[WhiteElo "2347"]
[BlackElo "2576"]
[TimeControl "180+2"]
[EndTime "14:50:56 PDT"]
[Termination "TregubovP won by resignation"]

1. e3 c5 2. Na3 Nf6 3. g3 d5 4. Bg2 e5 5. Ne2 Nc6 6. O-O Be7 7. f4 O-O 8. fxe5 Nxe5 9. d4 Nc6 10. c3 Re8 11.
Nc2 Bf8 12. Nf4 Bg4 13. Qe1 Bf5 14. Qd1 Be4 15. Rf3 Bxf3 16. Qxf3 Rc8 17. Nxd5 Nxd5 18.
Qxd5 Qxd5 19. Bxd5 cxd4 20. exd4 Re2 21. Ne3 Re8 22. Nf1 Re1 23. b4 R8e2 24. Bb2 Rxa1 25.
Bxa1 g6 26. b5 Nd8 27. c4 Ne6 28. c5 Bg7 29. Bxb7 Bxd4+ 30. Bxd4 Nxd4 31. c6 Nxb5 32. h4 Kf8 33. Ba6 Rb2 34. Ne3 Nc7 35. Bb7 Ke7 36.
Nc4 Rxa2 37. Kf1 a5 38. Nb6 a4 39. Nc8+ Ke6 40. Ba6 Nxa6 0-1

[Event "*** Biggest EVER Titled Tuesday"]
[Site "Chess.com"]
[Date "2018.04.17"]
[Round "8"]
[White "ChadBiryani"]
[Black "PenguinPacks"]
[Result "0-1"]
[WhiteElo "2240"]
[BlackElo "2158"]
[TimeControl "180+2"]
[EndTime "14:51:05 PDT"]
[Termination "PenguinPacks won by resignation"]

1. d4 d5 2. Bf4 c6 3. e3 Nf6 4. Nf3 Bf5 5. c4 a6 6. Qb3 b5 7. cxb5 axb5 8. Be2 e6 9. O-O Nbd7 10. Nbd2 Nh5 11.
Rfc1 Nxf4 12. exf4 Ra6 13. a4 Qa8 14. Ne5 Bd6 15. Ndf3 f6 16. Nxd7 Kxd7 17. Rxc6 Rxc6 18. Bxb5 Ke7 19. Bxc6 Qxc6 20. g3 Rb8 21. Qa2 Qc2 22. Ne1 Qxb2 23. a5 Qxa2 24. Rxa2 Ra8 25.
Kf1 Ra6 26. Ke2 Bb4 27. Rb2 Bxe1 28. Rb7+ Kf8 29. Kxe1 Rxa5 30. f3 Ra2 31. g4 Bg6 32. h4 h5 33. Rd7 Rh2 34. f5 exf5 35. gxh5 Bf7 36. Rxd5 Bxd5 0-1

[Event "*** Biggest EVER Titled Tuesday"]
[Site "Chess.com"]
[Date "2018.04.17"]
[Round "8"]
[White "jlandaw"]
[Black "ABDELAZEEZ-M"]
[Result "1-0"]
[WhiteElo "2483"]
[BlackElo "2308"]
[TimeControl "180+2"]
[EndTime "14:51:08 PDT"]
[Termination "jlandaw won by resignation"]

1. e4 c5 2. Nc3 Nc6 3. g3 g6 4.
Bg2 Bg7 5. d3 d6 6. f4 h5 7. h3 e6 8. Nf3 Nh6 9. Be3 b6 10. d4 cxd4 11. Nxd4 Bb7 12. Nxc6 Bxc6 13. Qd2 f5 14. O-O-O Ke7 15. Rhe1 Rc8 16. Bd4 Bxd4 17.
Qxd4 fxe4 18. Bxe4 Rg8 19. Bxc6 Rxc6 20. Nd5+ Kf7 21.
Nb4 Nf5 22. Nxc6 Qc8 23. Qc4 Re8 24. g4 hxg4 25. hxg4 Ng7 26. Rxd6 Qc7 27. Ne5+ 1-0

[Event "*** Biggest EVER Titled Tuesday"]
[Site "Chess.com"]
[Date "2018.04.17"]
[Round "8"]
[White "toad"]
[Black "josephymwale33"]
[Result "0-1"]
[WhiteElo "2196"]
[BlackElo "2171"]
[TimeControl "180+2"]
[EndTime "14:51:08 PDT"]
[Termination "josephymwale33 won by checkmate"]

1. d4 Nf6 2. c4 e6 3. g3 c5 4.
d5 exd5 5. cxd5 d6 6. Nc3 Na6 7. Bg2 Nc7 8. a4 g6 9. Nf3 Bg7 10. O-O O-O 11. Qc2 b6 12. Rd1 Re8 13. Rb1 Bf5 14. Qd2 Bxb1 15. Nxb1 Rb8 16. Nc3 a6 17. Qc2 b5 18. axb5 axb5 19. b3 b4 20. Na4 Ncxd5 21. Ng5 h6 22. Nxf7 Kxf7 23. Bxd5+ Nxd5 24.
Rxd5 Qe7 25. e3 Qe4 26. Qd1 c4 27. Rxd6 cxb3 28. Nc5 Qc4 29. Nd7 Rbc8 30. Nb6 Qxc1 31. Nxc8 Qxd1+ 32. Rxd1 Rxc8 33. Kg2 b2 34. Rd7+ Kg8 35.
h4 b1=Q 36. h5 Qe4+ 37. Kh3 Qf5+ 38. g4 Qxd7 39. hxg6 Rc2 40. e4 Re2 41. e5 Bxe5 42. f4 Bd6 43. g7 Bxf4 44. Kh4 Rh2# 0-1

[Event "*** Biggest EVER Titled Tuesday"]
[Site "Chess.com"]
[Date "2018.04.17"]
[Round "8"]
[White "Karina_Oparina"]
[Black "Raffael89"]
[Result "1-0"]
[WhiteElo "2159"]
[BlackElo "2122"]
[TimeControl "180+2"]
[EndTime "14:51:20 PDT"]
[Termination "Karina_Oparina won by checkmate"]

1. d4 Nf6 2. Nf3 d5 3. c4 e6 4.
Nc3 Be7 5. Bf4 O-O 6. e3 c6 7. Qc2 Nbd7 8. Be2 Nh5 9. Be5 f6 10. Bg3 Qe8 11. e4 Bb4 12. exd5 exd5 13. O-O-O Bxc3 14. bxc3 Nb6 15. c5 Nc4 16. Bd3 g6 17. Rhe1 Qf7 18.
Bxc4 dxc4 19. Bd6 Bf5 20. Qa4 b5 21. Qa6 Rfc8 22. Re7 Qd5 23. Qb7 a5 24. Rxh7 b4 25.
Nh4 Bd3 26. Rxd3 cxd3 27. Nxg6 Qg5+ 28. Nf4 Rf8 29. Rxh5 Qg4 30. Qh7# 1-0

[Event "*** Biggest EVER Titled Tuesday"]
[Site "Chess.com"]
[Date "2018.04.17"]
[Round "8"]
[White "JosefineHeinemann"]
[Black "DishonorOnYourCow"]
[Result "1-0"]
[WhiteElo "2377"]
[BlackElo "2310"]
[TimeControl "180+2"]
[EndTime "14:51:22 PDT"]
[Termination "JosefineHeinemann won by resignation"]

1. e4 c5 2. Nf3 d6 3. d4 cxd4 4.
Nxd4 Nf6 5. Nc3 a6 6. Bd3 e5 7. Nde2 Nbd7 8. O-O Nc5 9. h3 Be7 10.
f4 exf4 11. Nxf4 O-O 12. Nfd5 Nxd3 13. Qxd3 Be6 14. Be3 b5 15. Rad1 Rc8 16. a3 Bxd5 17. exd5 Qc7 18. Bd4 Nd7 19. Qg3 f6 20. Rde1 Ne5 21.
Re2 Qc4 22. Rd1 b4 23. axb4 Qxb4 24. Rf2 Bd8 25. Ne4 Bb6 26. c3 Qb3 27. Rdd2 Bxd4 28. Rxd4 Kh8 29. Nxd6 Rcd8 30. Nf5 Qb7 31. d6 Nc6 32. Rg4 Rg8 33. Rg6 Ne5 34. Ne7 Nxg6 35. Nxg6+ 1-0

[Event "*** Biggest EVER Titled Tuesday"]
[Site "Chess.com"]
[Date "2018.04.17"]
[Round "8"]
[White "nubair1198"]
[Black "Superfelix"]
[Result "1-0"]
[WhiteElo "2522"]
[BlackElo "2348"]
[TimeControl "180+2"]
[EndTime "14:51:26 PDT"]
[Termination "nubair1198 won by resignation"]

1. b3 b6 2. e4 Bb7 3. Qe2 Nf6 4. e5 Nd5 5. Nf3 c5 6. c4 Nb4 7. Na3 N8c6 8. Bb2 g6 9. h4 Bg7 10. h5 e6 11. h6 Bf8 12. Rh4 Be7 13. Rf4 O-O 14.
g3 a6 15. Bg2 Nd4 16. Bxd4 cxd4 17. d3 Nxd3+ 18. Qxd3 Bxa3 19. Qxd4 Bb4+ 20. Kf1 Qe7 21. Rd1 Bc6 22. Rf6 Bc5 23. Qf4 a5 24. Ng5 Bxg2+ 25. Kxg2 a4 26. Qf3 axb3 27. Qxb3 Ra3 28. Qb2 Ra4 29.
Qb3 Rb4 30. Qd3 Rb2 31. Rd2 Rxd2 32. Qxd2 d6 33. f4 dxe5 34. fxe5 Qb7+ 35. Kh2 Qc6 36. Qg2 Qxg2+ 37. Kxg2 Be7 38. Ne4 Bxf6 39. Nxf6+ Kh8 40. Nd7 Ra8 41. Kf3 Rxa2 42. Nxb6 Rb2 43. c5 Kg8 44. Ke4 Kf8 45. Nd7+ Ke7 46. Nf6 Rh2 47. g4 Rxh6 48.
Ng8+ Kd7 49. Nxh6 Kc6 50. Kd4 1-0

[Event "*** Biggest EVER Titled Tuesday"]
[Site "Chess.com"]
[Date "2018.04.17"]
[Round "8"]
[White "MFBerna"]
[Black "saraswathii"]
[Result "1-0"]
[WhiteElo "2318"]
[BlackElo "2248"]
[TimeControl "180+2"]
[EndTime "14:51:26 PDT"]
[Termination "MFBerna won by resignation"]

1. d4 Nc6 2. Nf3 d5 3. Bf4 Nf6 4. e3 Bf5 5. Bd3 Bg6 6. Bxg6 hxg6 7. h3 e6 8. Ne5 Nxe5 9. Bxe5 Bd6 10. Bxf6 Qxf6 11.
Nd2 O-O-O 12. Nf3 e5 13. dxe5 Bxe5 14. Nxe5 Qxe5 15. Qd4 Rhe8 16. Qxe5 Rxe5 17. O-O-O Re4 18. Rd4 Rxd4 19. exd4 Re8 20. Kd2 Kd7 21. Re1 Re6 22. Rxe6 Kxe6 23. Ke3 f6 24. Kf4 b6 25. h4 c5 26. c3 cxd4 27. cxd4 a6 28. a4 Ke7 29. g4 Ke6 30. b4 Ke7 31. h5 Kf7 32. f3 gxh5 33. gxh5 b5 34. axb5 axb5 35. Kf5 Ke7 36.
Kg6 Kf8 37. h6 gxh6 38. Kxf6 Ke8 39. Kg6 Ke7 40. f4 h5 41. Kxh5 Kf6 42. Kg4 Kg6 43. f5+ Kf7 44. Kg5 Kg7 45. f6+ Kf7 46. Kf5 1-0

[Event "*** Biggest EVER Titled Tuesday"]
[Site "Chess.com"]
[Date "2018.04.17"]
[Round "8"]
[White "GMVallejo"]
[Black "AvitalBor"]
[Result "1/2-1/2"]
[WhiteElo "2755"]
[BlackElo "2602"]
[TimeControl "180+2"]
[EndTime "14:51:27 PDT"]
[Termination "Game drawn by agreement"]

1. Nf3 d5 2. d4 Nf6 3. c4 e6 4. g3 dxc4 5. Bg2 Nbd7 6. O-O c6 7. a4 b6 8. Qc2 Ba6 9. Nbd2 Rc8 10. Nxc4 Be7 11. Nfe5 Nxe5 12. dxe5 Nd7 13. Nd6+ Bxd6 14. exd6 O-O 15. Rd1 c5 16. b3 Nb8 17. Bb2 Qd7 18. e4 Bb7 19. Qc3 f6 20. e5 Bxg2 21. Kxg2 f5 22. f4 Qc6+ 23. Qf3 Nd7 24. Bc3 Kf7 25. Kf2 Qxf3+ 26. Kxf3 Rc6 27. h4 h5 28. Bd2 a6 29. Be3 Rfc8 30. Rdc1 Ke8 31. Ke2 Nb8 32.
Rc2 g6 33. Rac1 a5 34. Rc4 Kd7 35. Ra1 Na6 36. Bd2 Rg8 37. Be1 Rcc8 38. Bd2 Nb8 39.
Bc3 Nc6 40. Kd2 Rb8 41. Kc2 Rb7 42. Ra3 Rc8 43. Ra1 Nb8 44. Ra2 Na6 45. Ra1 Rcb8 46.
Ra3 Rc8 47. Ra1 Rc6 48. Bd2 Rb8 49. Be1 Rbc8 50. Kb2 Rb8 1/2-1/2

[Event "*** Biggest EVER Titled Tuesday"]
[Site "Chess.com"]
[Date "2018.04.17"]
[Round "8"]
[White "Mikhail_Golubev"]
[Black "SelfishShellfish"]
[Result "0-1"]
[WhiteElo "2352"]
[BlackElo "2191"]
[TimeControl "180+2"]
[EndTime "14:51:29 PDT"]
[Termination "SelfishShellfish won by resignation"]

1. e4 e6 2. d4 d5 3. Nc3 Nf6 4. Bg5 dxe4 5. Nxe4 Be7 6. Nxf6+ Bxf6 7. Bxf6 Qxf6 8. Qd2 c5 9. O-O-O cxd4 10. Nf3 Nc6 11. Bb5 O-O 12. Bxc6 bxc6 13. Nxd4 c5 14. Nb5 Rb8 15. Nc3 Bb7 16. Qe3 Bxg2 17. Rhg1 Bd5 18.
Rg5 g6 19. Re5 Rfd8 20. b3 c4 21. Nxd5 exd5 22. Rdxd5 Rxd5 23. Rxd5 Qa1+ 24. Kd2 Qxa2 25. Qf4 Rf8 26. Qxc4 Qa1 27. Qd4 Qa6 28. Rd8 Qa5+ 0-1

[Event "*** Biggest EVER Titled Tuesday"]
[Site "Chess.com"]
[Date "2018.04.17"]
[Round "8"]
[White "DryCounty"]
[Black "vovachesss"]
[Result "0-1"]
[WhiteElo "2499"]
[BlackElo "2375"]
[TimeControl "180+2"]
[EndTime "14:51:29 PDT"]
[Termination "vovachesss won by resignation"]

1. Nf3 Nc6 2. e4 d5 3. exd5 Qxd5 4. Nc3 Qd6 5. d4 Nf6 6. g3 Bg4 7. Bg2 O-O-O 8. O-O Nxd4 9. Qxd4 Qxd4 10. Nxd4 Rxd4 11. Be3 Rd8 12. Nb5 a6 13. Na7+ Kb8 14. h3 Bf5 15. Rfd1 Rd7 16. g4 Be6 17. c4 g5 18. c5 Rxd1+ 19. Rxd1 Kxa7 20. Bxg5 Bg7 21. Bf4 c6 22. Be5 Rg8 23. f4 Bd5 24. Bf1 Ne4 25. Bxg7 Rxg7 26. b4 h5 27. g5 h4 28. Bd3 f6 29. Re1 Nd2 30. Kf2 fxg5 31. f5 g4 32. Ke3 gxh3 33. Kxd2 h2 0-1

[Event "*** Biggest EVER Titled Tuesday"]
[Site "Chess.com"]
[Date "2018.04.17"]
[Round "8"]
[White "Rokis13"]
[Black "Vugar_Manafov"]
[Result "1-0"]
[WhiteElo "2431"]
[BlackElo "2307"]
[TimeControl "180+2"]
[EndTime "14:51:30 PDT"]
[Termination "Rokis13 won by resignation"]

1. e4 g6 2. d4 d6 3. Nc3 Bg7 4. Be3 Nc6 5. f4 Nf6 6. Nf3 Ng4 7. Bg1 O-O 8. h3 Nf6 9. Qd2 e5 10. fxe5 dxe5 11. d5 Ne7 12. O-O-O Ne8 13. Bc4 Nd6 14. Bb3 b5 15. Bc5 Bd7 16. Qe2 Qb8 17. Rdf1 a5 18. a4 bxa4 19. Bxa4 Bxa4 20. Nxa4 Qb7 21.
Nd2 Rab8 22. b3 Rfd8 23. g4 c6 24. Qf2 f6 25. g5 f5 26. Bxd6 Rxd6 27. Nc4 Rdd8 28.
Nc5 Qa7 29. Ne6 Qxf2 30. Rxf2 cxd5 31. exd5 Rxd5 32. Nxg7 Kxg7 33. h4 e4 34. h5 a4 35.
hxg6 Nxg6 36. bxa4 f4 37. Rfh2 Nf8 38. Rh4 Rd4 39. Ne5 e3 40. Nc6 Rbb4 41. c3 Rdc4 42. Nxb4 Rxc3+ 43. Kb2 Rc4 44. Nd3 Ne6 45. Rxh7+ Kg6 46.
R1h6+ Kf5 47. Rf6+ Kg4 48. Rxe6 Kf3 49. Rf7 e2 50. Rxf4+ Rxf4 51. Nxf4 1-0

[Event "*** Biggest EVER Titled Tuesday"]
[Site "Chess.com"]
[Date "2018.04.17"]
[Round "8"]
[White "PawnEatingZombie"]
[Black "Nutflush"]
[Result "1-0"]
[WhiteElo "2029"]
[BlackElo "2031"]
[TimeControl "180+2"]
[EndTime "14:51:30 PDT"]
[Termination "PawnEatingZombie won on time"]

1. d4 Nf6 2. c4 e6 3. Nc3 Bb4 4. Qc2 O-O 5. e4 d5 6. e5 Ne4 7. Bd3 c5 8. Nf3 Nc6 9. O-O cxd4 10. Nxe4 dxe4 11. Bxe4 Qc7 12. a3 Be7 13. Re1 h6 14. Bf4 Rd8 15. Rad1 Na5 16. b4 Nxc4 17. Nxd4 Bd7 18.
Rc1 Rac8 19. Bd3 b5 20. Qe2 Qb6 21. Qe4 g6 22. Bxh6 Nxa3 23. Be3 Qb8 24. Nf3 Nc4 25. Bg5 Bf8 26. Bf6 Bg7 27. Qh4 1-0

[Event "*** Biggest EVER Titled Tuesday"]
[Site "Chess.com"]
[Date "2018.04.17"]
[Round "8"]
[White "TST2014"]
[Black "Quiet_Desperation"]
[Result "1-0"]
[WhiteElo "2345"]
[BlackElo "2380"]
[TimeControl "180+2"]
[EndTime "14:51:30 PDT"]
[Termination "TST2014 won by resignation"]

1. d4 Nf6 2. c4 e6 3. Nf3 Bb4+ 4. Bd2 Qe7 5. g3 Nc6 6. Bg2 Bxd2+ 7. Nbxd2 d6 8. O-O O-O 9. Rb1 a5 10. b3 e5 11. d5 Nb8 12. a3 Na6 13. b4 Bf5 14.
Rb2 Qd7 15. e4 Bg4 16. Qc2 h6 17. Rc1 Bh3 18. c5 Nh5 19. c6 bxc6 20. Qxc6 Qc8 21. Nh4 g6 22. Bf3 Ng7 23. Be2 g5 24. Ng2 f5 25. Bxa6 Rxa6 26. Qxc7 Qe8 27. b5 Ra8 28. Qxd6 f4 29. Qxh6 Bg4 30. f3 Bd7 31. Qxg5 Bxb5 32. Rc7 Rf7 33. Rxf7 Kxf7 34. gxf4 Rc8 35. Ne3 exf4 36. Ng4 Rc1+ 37. Kf2 Qa8 38. Qf6+ Kg8 39.
Rxb5 Rc2 40. Ke2 Qc8 41. Qd4 Nf5 42. Nf6+ Kf7 43. exf5 Qxf5 44. Rb7+ 1-0

[Event "*** Biggest EVER Titled Tuesday"]
[Site "Chess.com"]
[Date "2018.04.17"]
[Round "8"]
[White "Vamostodorecto"]
[Black "BlackBoarder"]
[Result "1-0"]
[WhiteElo "2373"]
[BlackElo "2223"]
[TimeControl "180+2"]
[EndTime "14:51:31 PDT"]
[Termination "Vamostodorecto won by resignation"]

1. d4 e6 2. c4 f5 3. Nc3 Nf6 4. h3 b6 5. Nf3 Bb7 6. d5 Be7 7. Nd4 c5 8. Nf3 exd5 9. cxd5 d6 10. g4 Qc8 11. Ng5 O-O 12. Ne6 Nxd5 13. Nxd5 Qxe6 14.
Bg2 Qd7 15. Bf4 Nc6 16. O-O fxg4 17. hxg4 Qxg4 18. Bg3 Qd7 19. Qd3 Rae8 20. Rad1 Nb4 21. Nxb4 Bxg2 22. Kxg2 cxb4 23. Rh1 Qb7+ 24. f3 g6 25.
Qc4+ Rf7 26. Rxh7 Bf8 27. Rdh1 Rxe2+ 28. Kg1 d5 29. Rh8+ Kg7 30. Qxe2 Bc5+ 31. Kg2 Bd4 1-0

[Event "*** Biggest EVER Titled Tuesday"]
[Site "Chess.com"]
[Date "2018.04.17"]
[Round "8"]
[White "Orest_Vovk"]
[Black "WarlordX"]
[Result "1-0"]
[WhiteElo "2258"]
[BlackElo "2293"]
[TimeControl "180+2"]
[EndTime "14:51:35 PDT"]
[Termination "Orest_Vovk won by resignation"]

1. g4 d5 2. h3 e5 3. Bg2 h5 4. g5 g6 5. d4 e4 6. c4 c6 7. Nc3 Ne7 8. Bf4 Bg7 9. e3 Nd7 10.
cxd5 cxd5 11. Qa4 O-O 12. Nge2 Nb6 13. Qb3 Nc6 14. O-O Be6 15. f3 exf3 16. Rxf3 Qd7 17. Raf1 Na5 18. Qb5 Nac4 19. Qxd7 Bxd7 20. R3f2 Nxb2 21.
Nxd5 Nxd5 22. Bxd5 Bxh3 23. Rb1 Nd3 24. Rh2 Nxf4 25.
Nxf4 Bf5 26. Rxb7 a5 27. Rxf7 Rxf7 28. Bxa8 Re7 29. Nd5 Ra7 30. Bc6 Be4 31. Rb2 Kf7 32. Rb6 Bf8 33. Nf4 Bf5 34. Bd5+ Kg7 35. e4 Bd6 36.
Rxd6 1-0

[Event "*** Biggest EVER Titled Tuesday"]
[Site "Chess.com"]
[Date "2018.04.17"]
[Round "8"]
[White "FMJoseHerrera"]
[Black "talento10"]
[Result "0-1"]
[WhiteElo "2445"]
[BlackElo "2343"]
[TimeControl "180+2"]
[EndTime "14:51:35 PDT"]
[Termination "talento10 won by resignation"]

1. Nf3 Nf6 2. g3 g6 3. Bg2 Bg7 4. O-O d6 5. d4 O-O 6. c4 Nc6 7. Nc3 e5 8. Bg5 h6 9. dxe5 hxg5 10.
exf6 Qxf6 11. Nd5 Qd8 12. Qd2 g4 13. Ne1 Re8 14. Nd3 Bf5 15. Rfe1 Rc8 16. e4 Bd7 17. N3f4 Ne5 18. Rac1 Nf3+ 19. Bxf3 gxf3 20. Qe3 Bxb2 21. Rb1 Be5 22. Rxb7 c6 23. Nb4 Rc7 24. Qxa7 Rxb7 25. Qxb7 Bxf4 26. gxf4 Qh4 27. Qxd7 Rd8 28. Qxd8+ Qxd8 29.
Re3 Qb6 30. a3 Qd4 31. Rxf3 Qxe4 32. Kg2 Qxc4 33. Kg3 d5 34. Re3 d4 35. Re8+ Kg7 36. Rd8 c5 37. Nc6 Qb3+ 38. Kg2 Qb7 39. Rd6 d3 40.
Kg3 d2 41. Ne5 Qb3+ 0-1

[Event "*** Biggest EVER Titled Tuesday"]
[Site "Chess.com"]
[Date "2018.04.17"]
[Round "8"]
[White "Saitama_Hero"]
[Black "Marcin"]
[Result "1-0"]
[WhiteElo "2169"]
[BlackElo "2292"]
[TimeControl "180+2"]
[EndTime "14:51:37 PDT"]
[Termination "Saitama_Hero won by resignation"]

1. d4 d5 2. c4 dxc4 3. Nf3 a6 4. e3 Nf6 5. Bxc4 e6 6. O-O c5 7. a4 Nc6 8. Qe2 cxd4 9. Rd1 Bd6 10. exd4 O-O 11. Nc3 h6 12. Ne5 Nb4 13. Bf4 b6 14.
Bg3 Bb7 15. Rac1 Nbd5 16. Nxd5 Nxd5 17. Bd3 Nf6 18. Bb1 Rc8 19. Bd3 Rxc1 20. Rxc1 Qa8 21. Nxf7 Bxg3 22. Nxh6+ gxh6 23. Qxe6+ Kg7 24. hxg3 Qd8 25.
Qf5 Qe7 26. Qg6+ Kh8 27. Qxh6+ Nh7 28. Bxh7 Rf6 29. Qh4 Kg7 30. Bd3 Qd6 1-0

[Event "*** Biggest EVER Titled Tuesday"]
[Site "Chess.com"]
[Date "2018.04.17"]
[Round "8"]
[White "Blitzstream"]
[Black "Bryakin_Mikhail"]
[Result "0-1"]
[WhiteElo "2460"]
[BlackElo "2614"]
[TimeControl "180+2"]
[EndTime "14:51:38 PDT"]
[Termination "Bryakin_Mikhail won by resignation"]

1. g4 d5 2. Bg2 c6 3. g5 e5 4. h4 h6 5. d4 e4 6. c4 hxg5 7. hxg5 Rxh1 8. Bxh1 Qc7 9. Bg2 Be6 10. Nc3 Nd7 11.
cxd5 cxd5 12. Qa4 Ne7 13. Bd2 Qh2 14. Kf1 Nf5 15. Nxe4 dxe4 16. Bxe4 Nd6 17. Bf3 Rc8 18. d5 Bf5 19. Bf4 Qh4 20. e3 Be7 21. Qd4 Rc4 22. Qxg7 Bd3+ 23. Kg2 Nf5 24. Qg8+ Nf8 25. d6 Bxd6 26.
Bxd6 Nxd6 27. Rd1 Rg4+ 28. Bxg4 Qxg4+ 29. Kh2 Qxd1 30. Nh3 Qf3 31. Qh8 Be4 32. Qe5+ Ne6 33. Nf4 Qxf2+ 34. Kh3 Qxe3+ 35. Kg4 Qxf4+ 0-1

[Event "*** Biggest EVER Titled Tuesday"]
[Site "Chess.com"]
[Date "2018.04.17"]
[Round "8"]
[White "Sanan_Sjugirov"]
[Black "sergiochess83"]
[Result "0-1"]
[WhiteElo "2818"]
[BlackElo "2803"]
[TimeControl "180+2"]
[EndTime "14:51:39 PDT"]
[Termination "sergiochess83 won by resignation"]

1. e4 e5 2. Nf3 Nc6 3. Bb5 a6 4. Ba4 Nf6 5. O-O Be7 6. Re1 b5 7. Bb3 O-O 8. a4 b4 9. d4 d6 10.
dxe5 Nxe5 11. Nbd2 Bg4 12. h3 Bh5 13. Qe2 Nfd7 14. g4 Nxf3+ 15. Nxf3 Bg6 16. Nd4 Bf6 17. Nc6 Qe8 18. Nxb4 Nc5 19. Nd5 Bd8 20. Bc4 Qxe4 21. Qxe4 Nxe4 22. Be3 Rb8 23. Bxa6 Rxb2 24. Bd3 Ng5 25. Kg2 Bxd3 26. cxd3 Ne6 27. a5 c6 28. Nc3 d5 29. Na4 Rb5 30. a6 Ba5 31. Reb1 d4 32. Bc1 Ra8 33. Rxb5 cxb5 34. Nb2 Bc3 35. Ra5 Bxa5 0-1

[Event "*** Biggest EVER Titled Tuesday"]
[Site "Chess.com"]
[Date "2018.04.17"]
[Round "8"]
[White "MrRooke6"]
[Black "GameOverBro"]
[Result "0-1"]
[WhiteElo "2400"]
[BlackElo "2450"]
[TimeControl "180+2"]
[EndTime "14:51:46 PDT"]
[Termination "GameOverBro won by resignation"]

1. c4 d6 2. d4 Nf6 3. Nf3 Nbd7 4. Nc3 e5 5. e4 Be7 6. Be2 O-O 7.
O-O c6 8. h3 a5 9. Be3 a4 10. Qc2 Qa5 11. Rad1 exd4 12. Nxd4 Nc5 13. Rfe1 Re8 14. f4 Bf8 15. Bf3 Qb4 16. Bf2 Qxc4 17. e5 dxe5 18. fxe5 Nfd7 19. b3 axb3 20. axb3 Qb4 21.
Bg3 g6 22. Bg4 Bg7 23. e6 Bxd4+ 24. Rxd4 Qxd4+ 25. Bf2 Qd6 26. Rd1 Qe7 27. exd7 Bxd7 28.
Nd5 cxd5 29. Bxc5 Rac8 30. Bxe7 Rxc2 31. Bf6 Bxg4 32. hxg4 h6 33. Rxd5 g5 34. Rd7 Re1+ 35. Kh2 Ree2 36. Rxb7 Rxg2+ 37. Kh3 Rgd2 38. Be5 Rd3+ 39.
Bg3 Rcc3 40. Re7 Rxg3+ 41. Kh2 Rxb3 42. Re8+ Kg7 43. Re5 Rxg4 44. Rf5 h5 45. Kh1 Kg6 46. Rf2 Rh3+ 0-1

[Event "*** Biggest EVER Titled Tuesday"]
[Site "Chess.com"]
[Date "2018.04.17"]
[Round "8"]
[White "Jbd735"]
[Black "GadimbayliA"]
[Result "1-0"]
[WhiteElo "2323"]
[BlackElo "2409"]
[TimeControl "180+2"]
[EndTime "14:51:48 PDT"]
[Termination "Jbd735 won by resignation"]

1. d4 e6 2. Nf3 Nf6 3. c3 b6 4. Bg5 Bb7 5. Nbd2 Be7 6. e3 Ne4 7. Bxe7 Qxe7 8. Nxe4 Bxe4 9. Bd3 Bxd3 10. Qxd3 O-O 11. O-O d5 12. e4 Nd7 13. Rfe1 Qf6 14. Qb5 dxe4 15. Rxe4 Qd8 16. Qc6 Nf6 17. Re2 Qd6 18.
Ne5 Rfd8 19. Qf3 c5 20. Qb7 Nd7 21. dxc5 bxc5 22. Nxd7 Qxd7 23. Qxd7 Rxd7 24. Kf1 Rad8 25. Ke1 c4 26. f3 Rd3 27. Rc1 Kf8 28. b3 R3d5 29.
bxc4 Rc5 30. Re4 Rdc8 31. Kd2 Rxc4 32. Rxc4 Rxc4 33. Rb1 Ra4 34. Rb2 Ke7 35. Kd3 Kf6 36. c4 Ke5 37. Kc3 a5 38. Rb5+ Kf6 39. Kb3 1-0

[Event "*** Biggest EVER Titled Tuesday"]
[Site "Chess.com"]
[Date "2018.04.17"]
[Round "8"]
[White "LordIron"]
[Black "r31415"]
[Result "1-0"]
[WhiteElo "2182"]
[BlackElo "2211"]
[TimeControl "180+2"]
[EndTime "14:51:48 PDT"]
[Termination "LordIron won by resignation"]

1. d4 d6 2. e4 Nf6 3. f3 c6 4. Be3 g6 5. c4 Bg7 6. Ne2 Nbd7 7. Nbc3 O-O 8. g4 Nb6 9. Ng3 Nfd7 10. Be2 e5 11. d5 cxd5 12. cxd5 a6 13. O-O Qc7 14. Rc1 Qb8 15. a4 Ra7 16. a5 Na8 17. Qb3 b6 18. Na4 b5 19. Bxa7 Qxa7+ 20. Nb6 Naxb6 21.
axb6 Qxb6+ 22. Kg2 f5 23. gxf5 Nc5 24. Qe3 gxf5 25. b4 f4 26. bxc5 Qd8 27. Qf2 fxg3 28. hxg3 dxc5 29. Qxc5 Qe8 30. Rh1 Qg6 31. Qe7 Bh6 32. Rc7 Bf4 33. Qxh7+ Qxh7 34. Rhxh7 Bd7 35. Rcxd7 1-0

[Event "*** Biggest EVER Titled Tuesday"]
[Site "Chess.com"]
[Date "2018.04.17"]
[Round "8"]
[White "fyall777"]
[Black "SCIM"]
[Result "0-1"]
[WhiteElo "2352"]
[BlackElo "2362"]
[TimeControl "180+2"]
[EndTime "14:51:50 PDT"]
[Termination "SCIM won on time"]

1. d4 Nf6 2. Bg5 Ne4 3. h4 d5 4.
Nd2 c5 5. Nxe4 dxe4 6. dxc5 Qa5+ 7. Qd2 Qxc5 8. O-O-O Nc6 9. f3 Be6 10. Qe3 Qa5 11.
a3 g6 12. Qxe4 Bg7 13. Nh3 O-O 14. Nf4 Bf5 15. Qe3 Rac8 16. Nd5 e6 17. Nf6+ Kh8 18. Qd2 Nb4 19. e4 Rxc2+ 20. Qxc2 Nxc2 21. Kxc2 Qa4+ 22. Kd2 Rd8+ 23. Bd3 Qd4 24. Ke2 Bxf6 25. exf5 Bxg5 26. hxg5 exf5 27. Bc2 Qc4+ 28. Ke3 Re8+ 0-1

[Event "*** Biggest EVER Titled Tuesday"]
[Site "Chess.com"]
[Date "2018.04.17"]
[Round "8"]
[White "Jospem"]
[Black "Korchmar_Vasiliy"]
[Result "0-1"]
[WhiteElo "2687"]
[BlackElo "2687"]
[TimeControl "180+2"]
[EndTime "14:51:56 PDT"]
[Termination "Korchmar_Vasiliy won by resignation"]

1. e4 c5 2. Nf3 d6 3. d4 cxd4 4.
Nxd4 Nf6 5. Nc3 Nc6 6. Bg5 e6 7.
Qd2 a6 8. O-O-O h6 9. Nxc6 bxc6 10. Bf4 d5 11. Qe3 Bb4 12. Be2 O-O 13. e5 Nh7 14. h4 c5 15. a3 Bxc3 16. Qxc3 Qb6 17. Rh3 a5 18. Rg3 Kh8 19. Qd2 Ba6 20. Bxa6 Qxa6 21.
Qd3 Qb6 22. c4 Rab8 23. Rd2 d4 24. Kd1 a4 25. Ke1 Qa5 26. Qc2 Rb6 27. Kf1 Rfb8 28.
Qc1 Rb3 29. Rgd3 Nf8 30. h5 Nd7 31. Rd1 Qd8 32. Rxb3 Rxb3 33. g3 Qb8 34. Rd2 Nxe5 35. Re2 Qb7 36. Rxe5 Rxb2 37. Re4 Rb1 38. f3 Rxc1+ 39. Bxc1 0-1

[Event "*** Biggest EVER Titled Tuesday"]
[Site "Chess.com"]
[Date "2018.04.17"]
[Round "8"]
[White "severomorskij"]
[Black "OparinGrigoriy"]
[Result "0-1"]
[WhiteElo "2691"]
[BlackElo "2865"]
[TimeControl "180+2"]
[EndTime "14:51:59 PDT"]
[Termination "OparinGrigoriy won on time"]

1. d4 Nf6 2. c4 e6 3. Nc3 Bb4 4. Nf3 O-O 5. Bg5 h6 6. Bh4 d6 7.
e4 e5 8. Bd3 Bg4 9. a3 Bxc3+ 10. bxc3 Nbd7 11. O-O Re8 12. h3 Bh5 13. g4 Bg6 14.
Nd2 c5 15. f4 exf4 16. Rxf4 cxd4 17. cxd4 Qb6 18. Bf2 Qc6 19. Qc2 Rac8 20. Rc1 Re7 21. h4 Rce8 22. g5 hxg5 23. hxg5 Nh7 24. Rg4 Ndf8 25.
Rf1 Qc8 26. Rg3 b5 27. cxb5 Qxc2 28. Bxc2 d5 29. Re1 dxe4 30. Bxe4 Bxe4 31. Rge3 f5 0-1

[Event "*** Biggest EVER Titled Tuesday"]
[Site "Chess.com"]
[Date "2018.04.17"]
[Round "8"]
[White "BillForster"]
[Black "sandager"]
[Result "1-0"]
[WhiteElo "1627"]
[BlackElo "1908"]
[TimeControl "180+2"]
[EndTime "14:52:07 PDT"]
[Termination "BillForster won on time"]

1. d4 Nf6 2. c4 g6 3. Nc3 d5 4. Bg5 Bg7 5. Bxf6 Bxf6 6. cxd5 c6 7. dxc6 Bxd4 8. cxb7 Bxb7 9. e3 Bxc3+ 10. bxc3 Qc7 11.
Rc1 O-O 12. Nf3 Rd8 13. Qc2 Nd7 14. Be2 Nc5 15. O-O Be4 16. Qb2 Rab8 17. Qa3 e5 18.
Rfd1 Kg7 19. Rxd8 Rxd8 20. Rd1 Rxd1+ 21. Bxd1 Nd3 22. Be2 Nc5 23. Qb4 a5 24. Qb5 h6 25.
Qe8 Ne6 26. h3 Qxc3 27. Qb5 Nc5 28. Qb8 Ne6 29. Qb5 Nc5 30. Qb8 Bxf3 31. Bxf3 a4 32.
Qb5 1-0